 Dungeon Crawl Stone Soup version 0.19-a0-854-gc78d25d (webtiles) character file.

13 Implojin the Chopper (level 2, -1/39 HPs)
             Began as a Minotaur Berserker on July 1, 2016.
             Was a Follower of Trog.
             Slain by a worm (9 damage)
             ... on level 4 of the Dungeon.
             The game lasted 00:00:54 (132 turns).

Implojin the Chopper (Minotaur Berserker)            Turns: 132, Time: 00:00:54

Health: -1/39      AC:  2    Str: 26    XL:     2   Next: 24%
Magic:  1/1        EV: 12    Int:  4    God:    Trog [*.....]
Gold:   17         SH:  0    Dex:  9    Spells: 0 memorised, 1 level left

rFire  . . .     SeeInvis .     a - +0 hand axe
rCold  . . .     Gourm    .     b - +0 animal skin
rNeg   . . .     Faith    .     (no shield)
rPois  .         Spirit   .     (helmet restricted)
rElec  .         Dismiss  .     (no cloak)
rCorr  .         Reflect  .     (no gloves)
SustAt .         Harm     .     (no boots)
MR     .....                    (no amulet)
Stlth  ..........               (no ring)
                                (no ring)

@: berserking, very quick, not resistant to hostile enchantments, extremely
unstealthy
A: retaliatory headbutt, horns 2
a: Berserk, Burn Spellbooks, Renounce Religion


You were on level 4 of the Dungeon.
You worshipped Trog.
Trog was aware of your devotion.
You were not hungry.

You visited 1 branch of the dungeon, and saw 4 of its levels.

You collected 17 gold pieces.

Inventory:

Hand Weapons
 a - a +0 hand axe (weapon)
Armour
 b - a +0 animal skin (worn)
Scrolls
 d - a scroll of remove curse {unknown}
Potions
 e - a potion of curing {unknown}
 f - 2 potions of flight {unknown}
Comestibles
 c - 2 bread rations
 g - a chunk of flesh


   Skills:
 - Level 3.6 Fighting
 * Level 4.5 Axes
 - Level 2.4 Armour
 - Level 2.1 Dodging


You had one spell level left.
You didn't know any spells.

Dungeon Overview and Level Annotations

Branches:
Dungeon (4/15)
 Temple: D:4-7

Altars:


Innate Abilities, Weirdness & Mutations

You reflexively headbutt those who attack you in melee.
You have a pair of horns on your head.


Message History

* * * LOW HITPOINT WARNING * * *
Found a bread ration.
There is a stone staircase leading up here.
Unknown command.
You closely miss the bat. The bat misses you.
The bat hits you but does no damage.
Unknown command.
The bat misses you. The bat barely misses you.
The bat hits you but does no damage.
You hit the bat.
You kill the bat!
Trog accepts your kill.
You see here a bat corpse.
c - 2 bread rations (gained 1)
You see here a bat corpse.
There is a stone staircase leading up here.
Found a stone staircase leading down.
Found 16 stones.
There is a stone staircase leading down here.
You climb downwards.
Found 17 gold pieces.
There is a stone staircase leading up here.
Unknown command.
As you open the door, it creaks loudly!
A worm comes into view.
There is an open door here.
You open the door.
There is an open door here.
You now have 17 gold pieces.
A red film seems to cover your vision as you go berserk!
You feel yourself moving faster!
You feel mighty!
You feel somewhat more hungry. The worm bites you.
* * * LOW HITPOINT WARNING * * *
You completely miss the worm. You barely miss the worm. You headbutt the worm!
The worm is heavily wounded.
You slash the worm!
The worm is almost dead.
The worm bites you!
You die...

#....# #.... #... +#
#..# #### ..##
##..########..##....
#...................
+...................
#<.....w@...........
###'###'####..###.#
...............#..#
...............#....
....w..........#....#
...w...........#....#
...............#....#
....######.....###+##
.... #......


You could see a worm.

Vanquished Creatures
  A dart slug (D:3)
  A giant gecko (D:2)
  A bat (D:3)
  A giant cockroach (D:2)
  A goblin (D:2)
  A hobgoblin (D:2)
  A quokka (D:2)
  A giant newt (D:2)
  A kobold (D:2)
9 creatures vanquished.

Notes
Turn   | Place    | Note
-------+----------+-------------------------------------------
     0 | D:1      | Implojin the Minotaur Berserker began the quest for the Orb.
     0 | D:1      | Reached XP level 1. HP: 19/19 MP: 0/0
    11 | D:2      | Reached skill level 4 in Axes
    44 | D:2      | Reached XP level 2. HP: 7/26 MP: 1/1
   132 | D:4      | Slain by a worm

Vault maps used:
D:1:      minmay_arrival_floating_metal
D:2:      serial_glass, glass_columns_a, glass_columns_a,
          uniq_crazy_yiuf_cottage, uniq_terence
D:3:      gammafunk_temple_overflow_wave, grunt_temple_overflow_cloverleaf,
          gup_sewer_entry_bubbles, first_bread, uniq_robin, uniq_sigmund
D:4:      okawaru_metal_pillars_1_2

Skill      XL: |  1 |
---------------+----+-----
Axes           | 4 |  4.5
Fighting       | |  3.6
Armour         | |  2.4
Dodging        | |  2.1

Action                   || total
-------------------------++-------
Melee: Hand axe          ||    23
       Headbutt          ||     3
Invok: Berserk           ||     1
Armor: Animal skin       ||     7
Dodge: Dodged            ||    19

Table legend:
 A = Turns spent in this place as a percentage of turns spent in the entire game.
 B = Non-inter-level travel turns spent in this place as a percentage of non-inter-level travel turns spent in the entire game.
 C = Inter-level travel turns spent in this place as a percentage of turns spent in this place.
 D = Turns resting spent in this place as a percentage of non-inter-level travel turns spent in this place.
 E = Turns spent auto-exploring this place as a percentage of non-inter-level travel turns spent in this place.
 F = Non-inter-level travel turns spent in this place divided by the number of levels of this place that you've seen.
                   A       B       C       D       E      F
               +-------+-------+-------+-------+-------+----------------------
         Total | 100.0 | 100.0 |   0.0 |   0.0 |   0.0 |  34.8
       Dungeon | 100.0 | 100.0 |   0.0 |   0.0 |   0.0 |  34.8
               +-------+-------+-------+-------+-------+----------------------

Table legend:
 A = Kills in this place as a percentage of kills in entire the game.
 B = Kills by you in this place as a percentage of kills by you in the entire game.
 C = Kills by friends in this place as a percentage of kills by friends in the entire game.
 D = Other kills in this place as a percentage of other kills in the entire game.
 E = Experience gained in this place as a percentage of experience gained in the entire game.
 F = Experience gained in this place divided by the number of levels of this place that you have seen.
                   A       B       C       D       E      F
               +-------+-------+-------+-------+-------+----------------------
         Total | 100.0 | 100.0 |  -nan |  -nan | 100.0 |   4.8
       Dungeon | 100.0 | 100.0 |  -nan |  -nan | 100.0 |   4.8
               +-------+-------+-------+-------+-------+----------------------
